 Dungeon Crawl Stone Soup version 0.29.1-2-gbd0b4ee654 (webtiles) character file.

Game seed: 1101990986120061606

49 JayTehDuck the Sneak (level 3, 0/16 HPs)
             Began as a Spriggan Enchanter on Nov 15, 2022.
             Slain by a bat (1 damage)
             ... on level 3 of the Dungeon.
             The game lasted 00:03:57 (2676 turns).

JayTehDuck the Sneak (Spriggan Enchanter)           Turns: 2676, Time: 00:03:58

Health: 0/16       AC:  2    Str:  4    XL:     3   Next: 51%
Magic:  8/8        EV: 18    Int: 16    God:
Gold:   104        SH:  0    Dex: 17    Spells: 8/8 levels left

rFire   . . .      SeeInvis +   a - +1 dagger
rCold   . . .      Faith    .   (no shield)
rNeg    . . .      Spirit   .   b - +0 robe
rPois   .          Reflect  .   (helmet restricted)
rElec   .          Harm     .   (no cloak)
rCorr   .          Rampage  .   (gloves unavailable)
Will    .....                   (boots unavailable)
Stlth   +++.......              (no amulet)
HPRegen 0.05/turn               (no ring)
MPRegen 0.11/turn               (no ring)

@: very quick
A: very small, no large weapons, unfitting armour, see invisible, speed 3
a: no special abilities


You were on level 3 of the Dungeon.
You visited 1 branch of the dungeon, and saw 3 of its levels.

You collected 104 gold pieces.

Inventory:

Hand Weapons
 a - a +1 dagger (weapon)
Armour
 b - a +0 robe (worn)
Jewellery
 j - an amulet of magic regeneration
Scrolls
 k - a scroll of teleportation
Potions
 c - 2 potions of invisibility
 i - a potion of brilliance


   Skills:
 + Level 1.8 Short Blades
 + Level 3.3 Dodging
 + Level 5.1 Stealth
 + Level 3.3 Spellcasting
 + Level 4.0 Hexes


You had 8 spell levels left.
You didn't know any spells.
Your spell library contained the following spells:

 Spells                   Type           Power      Damage    Failure   Level
 Confusing Touch          Hex            15%        N/A       11%         3
 Tukima's Dance           Hex            15%        N/A       11%         3
 Ensorcelled Hibernation  Hex/Ice        18%        N/A       12%         2
 Dazzling Flash           Conj/Hex       18%        N/A       24%         3
 Frozen Ramparts          Ice            4%         1d1       50%         3
 Ozocubu's Armour         Ice            2%         N/A       50%         3
 Ice Form                 Ice/Tmut       2%         N/A       88%         4
 Summon Ice Beast         Ice/Summ       2%         N/A       88%         4
 Metabolic Englaciation   Hex/Ice        4%         N/A       91%         5
 Simulacrum               Ice/Necr       1%         N/A       100%        6


Dungeon Overview and Level Annotations

Branches:
Dungeon (3/15)

Altars:


Innate Abilities, Weirdness & Mutations

You are very small and have problems with some larger weapons.
You are too small for most types of armour.
You have supernaturally acute eyesight. (SInv)
You cover ground extremely quickly. (Speed+++)


Message History

The orc barely misses you.
You hit the orc.
The orc is heavily wounded.
The frilled lizard closely misses you. The rat barely misses you.
The orc closely misses you.
You closely miss the orc.
The orc is heavily wounded.
The frilled lizard completely misses you.
The rat misses you. The orc barely misses you.
You hit the orc but do no damage.
The orc is heavily wounded.
The frilled lizard misses you. The rat barely misses you.
The orc closely misses you.
You closely miss the orc.
The orc is heavily wounded.
The frilled lizard closely misses you. The rat misses you.
The orc completely misses you.
You hit the orc but do no damage.
The orc is heavily wounded.
The frilled lizard misses you. The rat barely misses you.
The orc hits you with a +0 whip.
* * * LOW HITPOINT WARNING * * *
You barely miss the orc.
The orc is heavily wounded.
The frilled lizard misses you. The rat closely misses you. The orc misses you.
You barely miss the orc.
The orc is heavily wounded.
The frilled lizard barely misses you. The bat closely misses you.
The bat attacks as you move away! The bat closely misses you.
The bat attacks as you move away! The bat completely misses you.
The bat hits you but does no damage. The bat attacks as you move away!
The bat hits you but does no damage. The bat closely misses you.
The bat attacks as you move away! The bat misses you. x2
The bat closely misses you.
You closely miss the bat. The bat barely misses you. The bat misses you.
The bat hits you.
You die...

#........#
#..l.....#
##.......#
##....r...#
##.#####...#
##.#.....#..#
##..≈.....§#.####
##.#≈.§...≈≈.#.#b#
#.#..§.≈≈≈.§..#@.#
#.#...≈.≈≈≈≈≈≈#..#
#.#....§._≈......#
#.#...≈.≈≈≈≈≈≈#..#
#.#..≈.§≈≈.≈[.#..#
##.#≈§≈...≈§.#.#.#
##..§§....≈#.##.#
##.#)....#.# #.#
###.#####.# #.#


You could see a bat, a frilled lizard (wandering) and a rat.

Vanquished Creatures
  2 dart slugs
  2 ball pythons
  6 endoplasms
  A giant cockroach (D:2)
  2 goblins
  6 hobgoblins
  2 quokkas (D:2)
  5 bats
  4 frilled lizards
  6 kobolds
  4 rats
40 creatures vanquished.

Notes
Turn   | Place    | Note
-------+----------+-------------------------------------------
     0 | D:1      | JayTehDuck the Spriggan Enchanter began the quest for the
                  | Orb.
     0 | D:1      | Reached XP level 1. HP: 9/9 MP: 5/5
   531 | D:1      | Reached XP level 2. HP: 13/13 MP: 6/6
  1557 | D:2      | Reached XP level 3. HP: 13/16 MP: 8/8
  1718 | D:2      | Reached skill level 5 in Stealth
  2548 | D:3      | Found a faded altar of an unknown god.
  2676 | D:3      | Slain by a bat

Illustrated notes

Levels and vault maps discovered:
D:1:      dpeg_arrival_fog, layout_loops_corners, grunt_decor_arrowhead,
          hex_large, minmay_heptomino_d4
D:2:      layout_basic, serial_aquarium, aquarium_bridge_straight
          [aquarium_subvault_bridge, aquarium_subvault_wall,
          aquarium_subvault_bridge, aquarium_subvault_balcony],
          aquarium_window_2, aquarium_window_corner, aquarium_window_fake,
          aquarium_window_3, aquarium_view_2a, aquarium_balcony_3a,
          aquarium_pool_2
D:3:      layout_basic, shapermc_ecumenical_altar_starsandcircs,
          corexii_hall_statues_t, minmay_misc_feat_roman, minmay_circle_x

Skill      XL: |  1  2  3 |
---------------+----------+-----
Dodging        | 3 |  3.3
Spellcasting   | 3 |  3.3
Hexes          | 4 |  4.0
Stealth        | 5 |  5.1
Short Blades   | |  1.8

Action                   || total
-------------------------++-------
Melee: Dagger            ||   135
       Punch             ||     1
  Use: Potion            ||     4
       Scroll            ||     3
 Stab: Sleeping          ||    16
Armor: Robe              ||    17
Dodge: Dodged            ||   127
